[ AOE2 MATCH · #479710664 ]
UnrankedJapanese vs Mongols
[ REPLAY ANALYSIS · EXTRACTED FROM THE RECORDED GAME ]
Feudal
13:39
Castle
20:30
Imperial
38:40
| APM avg | 38.0 |
| APM peak | 69 |
| eAPM avg | 24.0 |
| Villagers / military | 65 / 109 |
Focus
⚔️ 39.1% · 🌾 60.9%
Samurai ×65 · Scorpion ×18 · Battering Ram ×18 · Fishing Ship ×17 · Trebuchet (Packed) ×5 · Fire Galley ×3
Feudal
12:34
Castle
16:56
Imperial
33:54
| APM avg | 49.9 |
| APM peak | 110 |
| eAPM avg | 25.1 |
| Villagers / military | 103 / 104 |
Focus
⚔️ 34.0% · 🌾 66.0%
Mangudai ×102 · Trebuchet (Packed) ×2
Feudal
13:47
Castle
17:42
Imperial
37:11
| APM avg | 35.1 |
| APM peak | 65 |
| eAPM avg | 22.9 |
| Villagers / military | 161 / 163 |
Focus
⚔️ 36.4% · 🌾 63.6%
Genoese Crossbowman ×105 · Spearman ×25 · Fishing Ship ×11 · Battering Ram ×11 · Unknown (882) ×10 · Bombard Cannon ×7
Feudal
13:53
Castle
17:32
Imperial
46:37
| APM avg | 21.8 |
| APM peak | 43 |
| eAPM avg | 13.1 |
| Villagers / military | 114 / 74 |
Focus
⚔️ 19.7% · 🌾 80.3%
Militia ×30 · Scorpion ×25 · Mangonel ×19 · Fishing Ship ×8
Match map
Initial resources + every placement click. Lines = walls · curves = elevation contours. ◆ gold · ⬟ stone · ● berries · ✦ relic · ◌ wall gap
Your base· Open — 2t gap
LE | AndreuArak's base· Open — unwalled flank
melza's base· Open — unwalled flank
Bilythebest's base· Open — 6t gap
Smoothed initial terrain · ◌ = detected wall gap · hover for details
Inputs per minute
— Pill - - LE | AndreuArak
Build order — Pill
First 150 of 252 actions detected
| 0:17 | Build | Town Center |
| 0:26 | Build | House |
| 2:17 | Build | Dock |
| 2:30 | Create | Villager (Male) |
| 2:42 | Create | Villager (Male) |
| 2:42 | Create | Villager (Male) |
| 2:42 | Create | Villager (Male) |
| 3:36 | Create | Fishing Ship |
| 4:13 | Build | House |
| 4:16 | Create | Villager (Male) |
| 4:51 | Create | Villager (Male) |
| 5:22 | Create | Villager (Male) |
| 5:46 | Create | Fishing Ship |
| 5:56 | Research | Loom |
| 6:04 | Build | House |
| 6:15 | Create | Villager (Male) |
| 6:30 | Create | Fishing Ship |
| 6:48 | Create | Villager (Male) |
| 7:01 | Create | Fishing Ship |
| 7:10 | Create | Villager (Male) |
| 7:38 | Create | Fishing Ship |
| 7:44 | Create | Villager (Male) |
| 7:49 | Build | House |
| 7:56 | Create | Villager (Male) |
| 8:24 | Create | Villager (Male) |
| 8:26 | Create | Fishing Ship |
| 8:48 | Create | Villager (Male) |
| 9:07 | Build | House |
| 9:08 | Build | Lumber Camp |
| 9:11 | Create | Villager (Male) |
| 9:13 | Create | Villager (Male) |
| 9:13 | Create | Villager (Male) |
| 9:49 | Create | Villager (Male) |
| 9:54 | Create | Villager (Male) |
| 10:00 | Create | Fishing Ship |
| 10:06 | Create | Villager (Male) |
| 10:20 | Build | House |
| 10:43 | Build | Dock |
| 10:56 | Create | Fishing Ship |
| 11:09 | Build | House |
| 11:10 | Create | Villager (Male) |
| 11:25 | Research | Feudal Age |
| 11:37 | Create | Fishing Ship |
| 12:04 | Create | Villager (Male) |
| 12:23 | Create | Fishing Ship |
| 12:23 | Create | Fishing Ship |
| 12:52 | Build | Dock |
| 13:29 | Create | Villager (Male) |
| 13:39 | Age | Feudal Age |
| 13:40 | Create | Unit 2626 |
| 13:40 | Create | Unit 2626 |
| 13:40 | Create | Unit 2626 |
| 13:58 | Create | Villager (Male) |
| 14:04 | Research | Double-Bit Axe |
| 14:09 | Build | House |
| 14:12 | Build | House |
| 14:47 | Create | Fire Galley |
| 15:20 | Create | Villager (Male) |
| 15:24 | Build | Blacksmith |
| 15:55 | Create | Fire Galley |
| 15:55 | Create | Fire Galley |
| 16:09 | Create | Villager (Male) |
| 16:44 | Build | Mill |
| 16:47 | Create | Villager (Male) |
| 17:00 | Create | Villager (Male) |
| 17:14 | Build | Mining Camp |
| 17:18 | Build | Market |
| 17:41 | Build | House |
| 17:46 | Build | Palisade Wall |
| 17:50 | Research | Castle Age |
| 18:10 | Build | House |
| 18:12 | Build | Palisade Wall |
| 18:17 | Build | Lumber Camp |
| 18:40 | Create | Fishing Ship |
| 19:03 | Create | Villager (Male) |
| 19:38 | Create | Villager (Male) |
| 19:49 | Create | Villager (Male) |
| 20:20 | Build | Outpost |
| 20:30 | Age | Castle Age |
| 20:40 | Create | Villager (Male) |
| 20:44 | Research | Bow Saw |
| 20:55 | Build | Town Center |
| 21:03 | Create | Villager (Male) |
| 21:17 | Research | Tech 906 |
| 21:55 | Build | Castle |
| 22:09 | Research | Wheelbarrow |
| 22:09 | Create | Villager (Male) |
| 22:09 | Create | Villager (Male) |
| 22:10 | Create | Villager (Male) |
| 22:10 | Create | Villager (Male) |
| 22:10 | Create | Villager (Male) |
| 22:12 | Build | House |
| 22:14 | Create | Fishing Ship |
| 22:17 | Create | Villager (Male) |
| 22:23 | Create | Villager (Male) |
| 22:49 | Build | Lumber Camp |
| 23:05 | Build | Siege Workshop |
| 23:07 | Create | Samurai |
| 23:07 | Create | Samurai |
| 23:07 | Create | Samurai |
| 23:08 | Create | Samurai |
| 23:08 | Create | Samurai |
| 23:15 | Create | Villager (Male) |
| 23:16 | Create | Villager (Male) |
| 23:17 | Build | House |
| 23:39 | Create | Battering Ram |
| 23:44 | Build | Lumber Camp |
| 24:01 | Create | Battering Ram |
| 24:21 | Create | Battering Ram |
| 24:22 | Create | Samurai |
| 24:23 | Create | Samurai |
| 24:33 | Research | Scale Mail Armor |
| 24:34 | Research | Forging |
| 25:03 | Create | Samurai |
| 25:03 | Create | Samurai |
| 25:03 | Create | Samurai |
| 25:04 | Create | Samurai |
| 25:04 | Create | Samurai |
| 25:04 | Create | Samurai |
| 25:13 | Create | Villager (Male) |
| 25:15 | Build | House |
| 25:26 | Create | Battering Ram |
| 26:00 | Build | Dock |
| 26:07 | Create | Samurai |
| 26:07 | Create | Samurai |
| 26:08 | Create | Samurai |
| 26:08 | Create | Samurai |
| 26:34 | Research | Chain Mail Armor |
| 26:58 | Create | Scorpion |
| 26:58 | Create | Scorpion |
| 27:01 | Create | Fishing Ship |
| 27:01 | Create | Fishing Ship |
| 27:04 | Build | House |
| 27:07 | Build | Dock |
| 27:11 | Create | Samurai |
| 27:11 | Create | Samurai |
| 27:12 | Create | Samurai |
| 27:12 | Create | Samurai |
| 28:06 | Create | Scorpion |
| 28:07 | Create | Scorpion |
| 28:07 | Create | Scorpion |
| 28:12 | Create | Villager (Male) |
| 28:13 | Create | Villager (Male) |
| 28:13 | Create | Villager (Male) |
| 28:13 | Create | Villager (Male) |
| 28:18 | Build | House |
| 28:33 | Create | Fishing Ship |
| 28:33 | Create | Fishing Ship |
| 28:41 | Build | Mining Camp |
| 28:43 | Create | Villager (Male) |
Build order — LE | AndreuArak
First 150 of 318 actions detected
| 0:47 | Build | Town Center |
| 1:32 | Build | House |
| 1:33 | Build | House |
| 2:47 | Create | Villager (Male) |
| 2:47 | Create | Villager (Male) |
| 2:47 | Create | Villager (Male) |
| 2:55 | Create | Villager (Male) |
| 2:55 | Create | Villager (Male) |
| 3:59 | Create | Villager (Male) |
| 4:00 | Create | Villager (Male) |
| 4:32 | Create | Villager (Male) |
| 4:32 | Create | Villager (Male) |
| 5:03 | Create | Villager (Male) |
| 5:04 | Create | Villager (Male) |
| 5:17 | Research | Loom |
| 5:17 | Research | Loom |
| 5:18 | Create | Villager (Male) |
| 5:18 | Create | Villager (Male) |
| 5:18 | Create | Villager (Male) |
| 5:18 | Create | Villager (Male) |
| 5:48 | Create | Villager (Male) |
| 5:48 | Create | Villager (Male) |
| 5:48 | Create | Villager (Male) |
| 6:19 | Build | Lumber Camp |
| 6:48 | Create | Villager (Male) |
| 6:48 | Create | Villager (Male) |
| 7:40 | Create | Villager (Male) |
| 7:47 | Create | Villager (Male) |
| 7:50 | Build | House |
| 7:51 | Build | House |
| 8:18 | Build | Mill |
| 8:40 | Create | Villager (Male) |
| 9:02 | Create | Villager (Male) |
| 9:16 | Create | Villager (Male) |
| 9:55 | Create | Villager (Male) |
| 10:13 | Research | Feudal Age |
| 10:14 | Research | Feudal Age |
| 10:14 | Research | Feudal Age |
| 12:14 | Create | Villager (Male) |
| 12:34 | Age | Feudal Age |
| 12:38 | Build | Market |
| 12:43 | Build | Palisade Wall |
| 12:43 | Build | Palisade Wall |
| 13:01 | Create | Villager (Male) |
| 13:12 | Build | Mining Camp |
| 13:16 | Build | Blacksmith |
| 13:17 | Build | House |
| 13:26 | Create | Villager (Male) |
| 13:44 | Research | Town Watch |
| 14:05 | Research | Castle Age |
| 14:06 | Research | Castle Age |
| 14:09 | Build | House |
| 15:44 | Research | Double-Bit Axe |
| 15:48 | Create | Villager (Male) |
| 15:48 | Create | Villager (Male) |
| 16:56 | Age | Castle Age |
| 17:01 | Build | Town Center |
| 17:10 | Research | Bow Saw |
| 17:15 | Research | Horse Collar |
| 17:52 | Create | Villager (Male) |
| 18:18 | Create | Villager (Male) |
| 18:26 | Build | Farm |
| 18:32 | Research | Heavy Plow |
| 18:38 | Create | Villager (Male) |
| 18:39 | Create | Villager (Male) |
| 18:59 | Create | Villager (Male) |
| 19:00 | Create | Villager (Male) |
| 19:15 | Build | Farm |
| 19:16 | Build | Farm |
| 19:17 | Build | Farm |
| 19:18 | Create | Villager (Male) |
| 19:39 | Build | Castle |
| 19:49 | Build | Farm |
| 19:51 | Build | Farm |
| 19:51 | Create | Villager (Male) |
| 19:52 | Create | Villager (Male) |
| 19:55 | Create | Villager (Male) |
| 19:57 | Create | Villager (Male) |
| 20:17 | Build | Farm |
| 20:22 | Create | Villager (Male) |
| 20:25 | Build | Farm |
| 20:34 | Build | Farm |
| 20:43 | Create | Villager (Male) |
| 20:44 | Create | Villager (Male) |
| 20:59 | Create | Villager (Male) |
| 21:13 | Build | Farm |
| 21:14 | Create | Villager (Male) |
| 21:22 | Build | House |
| 21:29 | Create | Villager (Male) |
| 21:39 | Create | Villager (Male) |
| 21:52 | Create | Mangudai |
| 21:52 | Create | Mangudai |
| 22:00 | Build | House |
| 22:02 | Create | Villager (Male) |
| 22:07 | Create | Villager (Male) |
| 22:13 | Build | Farm |
| 22:16 | Build | Farm |
| 22:19 | Create | Villager (Male) |
| 22:22 | Create | Mangudai |
| 22:22 | Create | Mangudai |
| 22:29 | Build | House |
| 22:30 | Build | House |
| 22:44 | Create | Villager (Male) |
| 22:50 | Create | Villager (Male) |
| 22:50 | Create | Villager (Male) |
| 22:56 | Build | House |
| 22:59 | Create | Mangudai |
| 23:01 | Create | Villager (Male) |
| 23:02 | Create | Villager (Male) |
| 23:08 | Build | Farm |
| 23:10 | Build | Farm |
| 23:13 | Build | Farm |
| 23:17 | Create | Villager (Male) |
| 23:19 | Create | Mangudai |
| 23:28 | Build | House |
| 23:35 | Build | House |
| 23:37 | Create | Villager (Male) |
| 23:42 | Build | Lumber Camp |
| 23:57 | Create | Villager (Male) |
| 23:59 | Create | Villager (Male) |
| 24:02 | Build | House |
| 24:03 | Build | House |
| 24:10 | Build | House |
| 24:16 | Create | Villager (Male) |
| 24:17 | Create | Villager (Male) |
| 24:52 | Create | Mangudai |
| 25:04 | Create | Mangudai |
| 25:05 | Create | Villager (Male) |
| 25:06 | Create | Villager (Male) |
| 25:07 | Research | Wheelbarrow |
| 25:09 | Create | Villager (Male) |
| 25:10 | Create | Villager (Male) |
| 25:18 | Build | Castle |
| 25:22 | Build | Lumber Camp |
| 25:25 | Create | Villager (Male) |
| 25:31 | Build | Town Center |
| 25:36 | Create | Villager (Male) |
| 25:36 | Create | Villager (Male) |
| 26:00 | Build | House |
| 26:01 | Build | House |
| 26:02 | Build | House |
| 26:04 | Build | Palisade Wall |
| 26:25 | Create | Mangudai |
| 26:25 | Create | Mangudai |
| 26:29 | Research | Fletching |
| 26:30 | Research | Fletching |
| 26:30 | Research | Padded Archer Armor |
| 26:30 | Research | Padded Archer Armor |
| 26:32 | Create | Villager (Male) |
| 26:38 | Build | University |
Build order — melza
First 150 of 464 actions detected
| 0:15 | Build | House |
| 0:24 | Build | Town Center |
| 1:11 | Build | Dock |
| 2:41 | Create | Villager (Male) |
| 2:42 | Create | Villager (Male) |
| 2:42 | Create | Villager (Male) |
| 2:42 | Create | Villager (Male) |
| 2:42 | Create | Villager (Male) |
| 3:34 | Build | House |
| 3:49 | Create | Villager (Male) |
| 3:49 | Create | Villager (Male) |
| 4:09 | Create | Fishing Ship |
| 4:42 | Research | Loom |
| 4:53 | Create | Villager (Male) |
| 5:19 | Create | Fishing Ship |
| 5:34 | Create | Villager (Male) |
| 5:45 | Create | Villager (Male) |
| 5:46 | Create | Villager (Male) |
| 5:51 | Build | House |
| 6:10 | Create | Villager (Male) |
| 6:27 | Create | Fishing Ship |
| 6:59 | Create | Villager (Male) |
| 6:59 | Create | Villager (Male) |
| 6:59 | Create | Villager (Male) |
| 7:02 | Create | Fishing Ship |
| 7:24 | Create | Villager (Male) |
| 7:30 | Create | Fishing Ship |
| 7:42 | Build | House |
| 7:44 | Create | Villager (Male) |
| 8:00 | Create | Villager (Male) |
| 8:03 | Create | Villager (Male) |
| 8:06 | Create | Fishing Ship |
| 8:30 | Build | House |
| 8:31 | Create | Villager (Male) |
| 8:31 | Create | Villager (Male) |
| 8:34 | Create | Villager (Male) |
| 8:37 | Create | Fishing Ship |
| 9:09 | Build | House |
| 9:11 | Build | House |
| 9:12 | Create | Villager (Male) |
| 9:33 | Create | Villager (Male) |
| 9:33 | Create | Villager (Male) |
| 9:47 | Build | Mill |
| 9:50 | Create | Villager (Male) |
| 10:16 | Create | Villager (Male) |
| 10:16 | Create | Villager (Male) |
| 10:23 | Create | Transport Ship |
| 10:29 | Create | Fishing Ship |
| 10:29 | Create | Fishing Ship |
| 10:34 | Create | Villager (Male) |
| 10:37 | Build | House |
| 10:41 | Build | House |
| 10:43 | Build | Palisade Wall |
| 10:50 | Create | Villager (Male) |
| 10:50 | Create | Villager (Male) |
| 11:01 | Build | Palisade Wall |
| 11:15 | Research | Feudal Age |
| 11:21 | Build | Dock |
| 11:43 | Create | Villager (Male) |
| 11:50 | Build | Mining Camp |
| 12:25 | Create | Villager (Male) |
| 12:30 | Build | Palisade Wall |
| 12:45 | Create | Fishing Ship |
| 12:47 | Create | Fishing Ship |
| 12:56 | Build | Palisade Wall |
| 13:47 | Age | Feudal Age |
| 13:50 | Build | Blacksmith |
| 14:09 | Build | Market |
| 14:23 | Create | Villager (Male) |
| 14:43 | Build | Stone Wall |
| 14:51 | Build | Stone Wall |
| 14:56 | Build | Gate |
| 15:00 | Research | Castle Age |
| 15:06 | Build | Mining Camp |
| 15:25 | Research | Stone Mining |
| 15:31 | Build | Lumber Camp |
| 15:48 | Create | Galley |
| 15:59 | Research | Fletching |
| 16:04 | Research | Double-Bit Axe |
| 16:45 | Create | Galley |
| 16:48 | Create | Galley |
| 16:58 | Create | Villager (Male) |
| 16:59 | Create | Villager (Male) |
| 17:16 | Build | Stone Wall |
| 17:20 | Build | Gate |
| 17:38 | Create | Galley |
| 17:38 | Create | Galley |
| 17:42 | Age | Castle Age |
| 17:46 | Research | War Galley (upgrade) |
| 17:51 | Create | Villager (Male) |
| 17:51 | Create | Villager (Male) |
| 18:44 | Build | Town Center |
| 18:46 | Create | Villager (Male) |
| 18:59 | Research | Bow Saw |
| 19:09 | Create | Villager (Male) |
| 19:09 | Create | Villager (Male) |
| 19:16 | Research | Tech 906 |
| 19:41 | Create | Villager (Male) |
| 19:41 | Create | Villager (Male) |
| 19:46 | Build | House |
| 19:57 | Build | Stone Wall |
| 20:00 | Build | Gate |
| 20:02 | Create | Villager (Male) |
| 20:09 | Create | Villager (Male) |
| 20:09 | Create | Villager (Male) |
| 20:21 | Build | Town Center |
| 20:22 | Create | Villager (Male) |
| 20:28 | Create | Villager (Male) |
| 20:31 | Create | Villager (Male) |
| 20:31 | Create | Villager (Male) |
| 20:47 | Build | Monastery |
| 20:49 | Create | Villager (Male) |
| 20:58 | Research | Bodkin Arrow |
| 20:58 | Research | Padded Archer Armor |
| 21:07 | Research | Gold Mining |
| 21:16 | Build | Dock |
| 21:20 | Create | Monk |
| 21:21 | Create | Monk |
| 21:22 | Create | Villager (Male) |
| 21:47 | Build | Castle |
| 21:50 | Create | Villager (Male) |
| 21:55 | Create | Villager (Male) |
| 21:55 | Create | Villager (Male) |
| 22:04 | Build | Farm |
| 22:04 | Build | Farm |
| 22:04 | Build | Farm |
| 22:05 | Build | Farm |
| 22:09 | Create | Villager (Male) |
| 22:09 | Create | Villager (Male) |
| 22:09 | Create | Villager (Male) |
| 22:44 | Create | Villager (Male) |
| 22:49 | Build | Farm |
| 22:49 | Build | Farm |
| 22:50 | Build | Farm |
| 22:50 | Build | Farm |
| 22:53 | Create | Villager (Male) |
| 22:53 | Create | Villager (Male) |
| 23:25 | Create | Genoese Crossbowman ×4 |
| 23:31 | Create | Villager (Male) |
| 23:31 | Create | Villager (Male) |
| 23:34 | Create | Villager (Male) |
| 23:37 | Create | Villager (Male) |
| 23:40 | Research | Town Watch |
| 23:40 | Create | Villager (Male) |
| 23:40 | Create | Villager (Male) |
| 23:48 | Create | Villager (Male) |
| 23:54 | Create | Genoese Crossbowman |
| 24:09 | Build | Lumber Camp |
| 24:12 | Create | Genoese Crossbowman |
| 24:12 | Create | Genoese Crossbowman |
Build order — Bilythebest
First 150 of 267 actions detected
| 0:29 | Build | Town Center |
| 1:07 | Build | Dock |
| 1:09 | Build | House |
| 2:36 | Create | Villager (Male) |
| 2:36 | Create | Villager (Male) |
| 2:36 | Create | Villager (Male) |
| 2:37 | Create | Villager (Male) |
| 2:37 | Create | Villager (Male) |
| 4:05 | Create | Villager (Male) |
| 4:21 | Create | Fishing Ship |
| 4:22 | Create | Villager (Male) |
| 4:41 | Build | House |
| 4:53 | Create | Villager (Male) |
| 5:32 | Create | Villager (Male) |
| 5:43 | Create | Fishing Ship |
| 6:07 | Create | Villager (Male) |
| 6:07 | Create | Villager (Male) |
| 6:26 | Build | House |
| 6:27 | Create | Villager (Male) |
| 6:48 | Create | Fishing Ship |
| 6:59 | Build | House |
| 7:05 | Create | Villager (Male) |
| 7:19 | Create | Villager (Male) |
| 7:36 | Build | Palisade Wall |
| 7:39 | Create | Villager (Male) |
| 7:42 | Create | Fishing Ship |
| 8:08 | Create | Villager (Male) |
| 8:10 | Create | Fishing Ship |
| 8:26 | Create | Villager (Male) |
| 8:43 | Create | Fishing Ship |
| 8:56 | Build | House |
| 9:07 | Create | Villager (Male) |
| 9:08 | Create | Villager (Male) |
| 9:22 | Create | Villager (Male) |
| 9:44 | Create | Villager (Male) |
| 10:06 | Create | Fishing Ship |
| 10:06 | Create | Fishing Ship |
| 10:32 | Research | Loom |
| 10:35 | Build | House |
| 11:06 | Build | Mill |
| 11:11 | Create | Villager (Male) |
| 11:43 | Research | Feudal Age |
| 11:55 | Build | Lumber Camp |
| 13:27 | Create | Villager (Male) |
| 13:27 | Create | Villager (Male) |
| 13:53 | Age | Feudal Age |
| 14:00 | Build | Market |
| 14:04 | Build | Blacksmith |
| 14:38 | Build | House |
| 14:52 | Research | Castle Age |
| 14:56 | Research | Horse Collar |
| 14:58 | Research | Double-Bit Axe |
| 16:30 | Research | Town Watch |
| 16:32 | Create | Villager (Male) |
| 16:33 | Create | Villager (Male) |
| 16:58 | Build | Mill |
| 17:32 | Age | Castle Age |
| 17:48 | Create | Villager (Male) |
| 17:49 | Create | Villager (Male) |
| 17:49 | Create | Villager (Male) |
| 18:06 | Build | Town Center |
| 19:29 | Build | Town Center |
| 19:33 | Create | Villager (Male) |
| 19:33 | Create | Villager (Male) |
| 19:34 | Create | Villager (Male) |
| 19:35 | Create | Villager (Male) |
| 19:35 | Create | Villager (Male) |
| 19:35 | Create | Villager (Male) |
| 19:41 | Create | Villager (Male) |
| 19:41 | Create | Villager (Male) |
| 19:58 | Build | Barracks |
| 20:00 | Research | Scale Mail Armor |
| 20:03 | Create | Villager (Male) |
| 20:03 | Create | Villager (Male) |
| 20:09 | Build | Farm |
| 20:10 | Build | Farm |
| 20:12 | Build | Farm |
| 20:14 | Build | Farm |
| 20:29 | Build | Farm |
| 20:48 | Build | Barracks |
| 20:53 | Build | Farm |
| 20:58 | Research | Chain Mail Armor |
| 21:01 | Research | Man-at-Arms (upgrade) |
| 21:08 | Build | Farm |
| 21:10 | Build | Farm |
| 21:20 | Create | Villager (Male) |
| 21:24 | Create | Villager (Male) |
| 21:54 | Create | Villager (Male) |
| 21:58 | Build | Farm |
| 22:02 | Build | Farm |
| 22:04 | Build | Farm |
| 22:08 | Build | Farm |
| 22:10 | Create | Villager (Male) |
| 22:11 | Create | Villager (Male) |
| 22:50 | Create | Militia ×2 |
| 22:58 | Build | Lumber Camp |
| 23:02 | Create | Villager (Male) |
| 23:03 | Create | Villager (Male) |
| 23:04 | Create | Villager (Male) |
| 23:21 | Create | Militia ×3 |
| 23:27 | Build | Mining Camp |
| 23:41 | Build | House |
| 23:42 | Build | House |
| 23:45 | Build | House |
| 23:45 | Build | House |
| 23:53 | Build | House |
| 23:54 | Build | House |
| 24:02 | Create | Villager (Male) |
| 24:02 | Create | Villager (Male) |
| 24:05 | Create | Villager (Male) |
| 24:05 | Create | Villager (Male) |
| 24:10 | Create | Villager (Male) |
| 24:11 | Create | Villager (Male) |
| 24:30 | Create | Militia ×2 |
| 24:43 | Build | Farm |
| 24:43 | Build | Farm |
| 24:47 | Build | Farm |
| 24:48 | Build | Farm |
| 24:51 | Build | Farm |
| 24:52 | Build | Farm |
| 24:55 | Build | Farm |
| 24:58 | Create | Militia ×2 |
| 25:34 | Research | Long Swordsman (upgrade) |
| 26:18 | Build | Barracks |
| 26:24 | Create | Villager (Male) |
| 26:24 | Create | Villager (Male) |
| 26:25 | Create | Villager (Male) |
| 26:49 | Build | Barracks |
| 26:50 | Build | Barracks |
| 26:57 | Create | Villager (Male) |
| 26:58 | Create | Villager (Male) |
| 26:58 | Create | Villager (Male) |
| 27:04 | Build | Farm |
| 27:19 | Create | Villager (Male) |
| 27:20 | Create | Villager (Male) |
| 27:20 | Create | Villager (Male) |
| 27:39 | Research | Squires |
| 27:47 | Create | Militia ×5 |
| 28:11 | Build | Farm |
| 28:13 | Build | Farm |
| 28:21 | Build | Mill |
| 28:24 | Build | Farm |
| 28:27 | Create | Militia ×4 |
| 28:49 | Create | Militia ×3 |
| 29:12 | Build | Siege Workshop |
| 29:17 | Create | Militia ×4 |
| 29:26 | Build | House |
| 29:27 | Build | House |
| 29:28 | Build | House |
| 29:29 | Build | House |
Match timeline
| 1:07 | Bilythebest · first_building Dock |
| 1:11 | melza · first_building Dock |
| 2:17 | Pill · first_building Dock |
| 7:36 | Bilythebest · wall_segment Palisade Wall x8 |
| 10:43 | melza · wall_segment Palisade Wall x2 |
| 11:01 | melza · wall_segment Palisade Wall x2 |
| 12:30 | melza · wall_segment Palisade Wall x3 |
| 12:34 | LE | AndreuArak · age_up feudal |
| 12:43 | LE | AndreuArak · wall_segment Palisade Wall x1 |
| 12:43 | LE | AndreuArak · wall_segment Palisade Wall x1 |
| 12:56 | melza · wall_segment Palisade Wall x3 |
| 13:39 | Pill · age_up feudal |
| 13:47 | melza · age_up feudal |
| 13:53 | Bilythebest · age_up feudal |
| 14:43 | melza · wall_segment Stone Wall x5 |
| 14:51 | melza · wall_segment Stone Wall x10 |
| 16:56 | LE | AndreuArak · age_up castle |
| 17:16 | melza · wall_segment Stone Wall x5 |
| 17:32 | Bilythebest · age_up castle |
| 17:42 | melza · age_up castle |
| 17:46 | Pill · wall_segment Palisade Wall x1 |
| 18:12 | Pill · wall_segment Palisade Wall x8 |
| 18:38 | LE | AndreuArak · first_market_buy 100 food |
| 19:39 | LE | AndreuArak · first_building Castle |
| 19:57 | melza · wall_segment Stone Wall x10 |
| 19:58 | Bilythebest · first_building Barracks |
| 20:30 | Pill · age_up castle |
| 20:32 | Bilythebest · first_market_buy 100 wood |
| 20:47 | melza · first_building Monastery |
| 21:38 | Pill · first_market_buy 100 stone |
| 21:42 | Bilythebest · first_market_sell 100 wood |
| 21:47 | melza · first_building Castle |
| 21:55 | Pill · first_building Castle |
| 23:05 | Pill · first_building Siege Workshop |
| 25:49 | melza · wall_segment Palisade Wall x1 |
| 26:04 | LE | AndreuArak · wall_segment Palisade Wall x1 |
| 26:44 | melza · first_building Siege Workshop |
| 27:47 | LE | AndreuArak · first_building Barracks |
| 28:00 | melza · first_building Barracks |
| 28:49 | LE | AndreuArak · first_building Stable |
| 29:10 | LE | AndreuArak · first_market_sell 100 food |
| 29:12 | Bilythebest · first_building Siege Workshop |
| 30:40 | melza · first_market_buy 100 wood |
| 30:53 | Bilythebest · first_building Castle |
| 33:54 | LE | AndreuArak · age_up imperial |
| 37:11 | melza · age_up imperial |
| 38:40 | Pill · age_up imperial |
| 39:48 | melza · first_building Archery Range |
| 41:33 | melza · first_market_sell 100 food |
| 42:08 | Pill · first_building Barracks |
| 44:51 | LE | AndreuArak · resign |
| 46:37 | Bilythebest · age_up imperial |
[ AI ANALYSIS · 1 CREDIT ]
What really happened in this match?
Wolo.gg analyzes every decision: build order, eco, micro, common mistakes by bracket. Personalized analysis on WhatsApp or Discord in 30 seconds.
Civ guide
Japanese
Perfil
Jugador #517342